 Dungeon Crawl Stone Soup version 0.27.1 (webtiles) character file.

Game seed: 7776426839763509472

103 Tinkle the Chopper (level 4, -2/41 HPs)
             Began as a Minotaur Berserker on Aug 26, 2021.
             Was a Believer of Trog.
             Slain by a gnoll (13 damage)
             ... on level 3 of the Dungeon.
             The game lasted 00:10:11 (3521 turns).

Tinkle the Chopper (Minotaur Berserker)             Turns: 3521, Time: 00:10:12

Health: -2/41      AC:  2    Str: 23    XL:     4   Next: 51%
Magic:  3/3        EV: 12    Int:  4    God:    Trog [**....]
Gold:   117        SH:  0    Dex:  9    Spells: 3/3 levels left

rFire    . . .     SeeInvis .   a - +0 hand axe
rCold    . . .     Faith    .   (no shield)
rNeg     . . .     Spirit   .   b - +0 animal skin
rPois    .         Reflect  .   (helmet restricted)
rElec    .         Harm     .   (no cloak)
rCorr    .         Rampage  .   (no gloves)
Will     ++...                  (no boots)
Stlth    +.........             (no amulet)
HPRegen  1.13/turn              (no ring)
MPRegen  0.08/turn              (no ring)

@: strong-willed, on berserk cooldown, regenerating, slowed, very slow
A: horns 2, retaliatory headbutt
a: Renounce Religion, Berserk, Trog's Hand


You were on level 3 of the Dungeon.
You worshipped Trog.
Trog was pleased with you.
You visited 1 branch of the dungeon, and saw 3 of its levels.

You collected 117 gold pieces.

Inventory:

Hand Weapons
 a - a +0 hand axe (weapon)
 h - a +2 dagger of speed
Missiles
 d - 71 stones (quivered)
Armour
 b - a +0 animal skin (worn)
 j - a +0 scale mail
Jewellery
 e - a ring of wizardry
Scrolls
 g - a scroll of torment {unknown}
 k - a scroll of fog {unknown}
 l - a scroll of summoning {unknown}
 m - a scroll of identify {unknown}
 n - a scroll of blinking {unknown}
 o - a scroll of teleportation {unknown}
Potions
 c - a potion of invisibility {unknown}
 f - a potion of curing {unknown}
 i - a potion of lignification {unknown}


   Skills:
 + Level 4.4 Fighting
 + Level 4.6 Axes
 + Level 3.4 Armour
 + Level 3.2 Dodging


You had 3 spell levels left.
You didn't know any spells.
Your spell library was empty.

Dungeon Overview and Level Annotations

Branches:
Dungeon (3/15)

Altars:


Innate Abilities, Weirdness & Mutations

You have a pair of horns on your head.
You reflexively headbutt those who attack you in melee.


Message History

The gnoll shouts!
A gnoll comes into view. It is wielding a +0 spear.
You see here 18 gold pieces.
A red film seems to cover your vision as you go berserk!
You feel yourself moving faster!
You feel mighty!
The gnoll shouts!
You feel a strong urge to attack something.
The gnoll closely misses you. You furiously retaliate!
You headbutt the gnoll!!
You kill the gnoll!
Trog accepts your kill. The gnoll barely misses you.
You feel your anger nearly subside.
You are no longer berserk.
You are exhausted.
You feel yourself slow down. The gnoll closely misses you.
The gnoll hits you from afar with a +0 spear!
You see here a +1 flail of protection.
Huge Dmg: -68%(-28hp) hp: 81%(33hp)
You hit the gnoll but do no damage. The gnoll hits you with a +0 halberd!
The gnoll completely misses you.
Huge Dmg: -27%(-11hp) hp: 54%(22hp)
The gnoll closely misses you.
You see here 18 gold pieces.
The gnoll hits you from afar with a +0 spear!
Huge Dmg: -17%(-7hp) hp: 40%(16hp)
The gnoll hits you from afar with a +0 spear.
* * * LOW HITPOINT WARNING * * *
Huge Dmg: -13%(-5hp) hp: 27%(11hp)
The gnoll misses you.
The gnoll hits you from afar with a +0 spear.
* * * LOW HITPOINT WARNING * * *
Huge Dmg: -14%(-6hp) hp: 13%(5hp)
Your skin crawls.
You feel strong-willed. The gnoll misses you. The gnoll closely misses you.
The gnoll barely misses you. The gnoll completely misses you.
You slash the gnoll!
The gnoll is heavily wounded.
You hit the gnoll. The gnoll hits you with a +0 halberd!
You die...

....#.######. #.#.#
###.#)# #.#.#
....#.####
#.#.#############
##.......#
#####.#...$..).......
.........#
#........############
.........# #........#
##.......# #........#
##.......# #...gg...#
##.......# #...@....#
##.......# #........#
##.......####........#
.........')).........#
##.......####........#
.........# #........#
#........# #........#
.........# ##########
.........#


You could see 2 gnolls.

Vanquished Creatures
  A gnoll (D:3)
  An adder (D:3)
  A worm (D:2)
  A dart slug (D:1)
  6 orcs (D:3)
  4 ball pythons
  6 bats
  3 endoplasms
  7 goblins
  8 hobgoblins
  7 jackals
  5 quokkas
  5 frilled lizards
  6 kobolds
  3 rats
64 creatures vanquished.

Notes
Turn   | Place    | Note
-------+----------+-------------------------------------------
     0 | D:1      | Tinkle the Minotaur Berserker began the quest for the Orb.
     0 | D:1      | Reached XP level 1. HP: 19/19 MP: 0/0
     1 | D:1      | Noticed an electric eel
   185 | D:1      | Reached XP level 2. HP: 27/27 MP: 1/1
   233 | D:1      | Huge Dmg: 5 dmg
   235 | D:1      | Huge Dmg: 4 dmg
   454 | D:1      | Huge Dmg: 8 dmg
  1046 | D:1      | Huge Dmg: 5 dmg
  1047 | D:1      | Reached XP level 3. HP: 24/33 MP: 2/2
  1780 | D:2      | Reached ** piety under Trog
  2609 | D:2      | Huge Dmg: 9 dmg
  2611 | D:2      | Huge Dmg: 11 dmg
  3302 | D:3      | Reached XP level 4. HP: 32/40 MP: 3/3
  3478 | D:3      | Huge Dmg: 18 dmg
  3508 | D:3      | Huge Dmg: 28 dmg
  3509 | D:3      | Huge Dmg: 11 dmg
  3513 | D:3      | Huge Dmg: 7 dmg
  3515 | D:3      | Huge Dmg: 5 dmg
  3519 | D:3      | Huge Dmg: 6 dmg
  3521 | D:3      | Slain by a gnoll

Illustrated notes

Levels and vault maps discovered:
D:1:      arrival_aquarium_a, layout_basic
D:2:      layout_basic
D:3:      layout_basic

Skill      XL: |  1  2  3 |
---------------+----------+-----
Fighting       | 4 |  4.4
Axes           | 4 |  4.6
Armour         | 3 |  3.4
Dodging        | 3 |  3.2

Action                   |  1- 3 |  4- 6 || total
-------------------------+-------+-------++-------
Melee: Hand axe          |   118 |    17 ||   135
       Headbutt          |    19 |     1 ||    20
Throw: Stone             |     5 |       ||     5
Invok: Berserk           |     1 |     2 ||     3
       Trog's Hand       |       |     1 ||     1
  Use: Scroll            |     1 |       ||     1
Armor: Animal skin       |    28 |     4 ||    32
Dodge: Dodged            |    78 |    15 ||    93
